AoeStats
← 8

Arena

507696051Analyzed
1v1 RM · 14d ago on Sep 19, 2026· 38m 58s· 2 players
Game mode
Random Map
Map size
Tiny (2 player)
Population
200
Speed
Normal
Resources
Standard
Victory
Conquest
Starting age
Dark Age
Ending age
Imperial Age
RankedLock teamsTeams togetherTeam positionsShared explorationLock speedFull tech treeHidden civsTurbo modeCheats
Victory
Defeat
🇺🇸 Italians · United States
995
+16
🇨🇳 Bulgarians · China
996
-16
8
5:18 Loom
8:09 Feudal Age
9:28 Double-Bit Axe
14:05 Fletching
19:35 Gold Mining
23:58 Castle Age
24:46 Bodkin Arrow
28:45 Wheelbarrow
32:48 Imperial Age
32:34 Forging
32:48 Padded Archer Armor
33:18 Bow Saw
34:41 Chemistry
34:15 Conscription
35:14 Bracer
让胖哥爽一下
10:48 Feudal Age
11:44 Double-Bit Axe
15:29 Horse Collar
19:15 Loom
19:24 Fletching
24:49 Castle Age
24:34 Wheelbarrow
26:03 Bow Saw
26:38 Scale Mail Armor
26:26 Gambesons
27:41 Gold Mining
29:32 Heavy Plow
30:13 Stone Mining
32:22 Bodkin Arrow
33:50 Wheelbarrow
Connection lost

Rejoining the realm…

Still unreachable

The connection could not be restored.

Session expired

The server has moved on; the page needs a fresh start.